 Dungeon Crawl Stone Soup version 0.28.0 (webtiles) character file.

Game seed: 795536737953125425

36 horus123 the Firebug (level 3, 0/26 HPs)
             Began as a Draconian Fire Elementalist on Feb 19, 2022.
             Slain by a goblin (3 damage)
             ... led by Robin
             ... on level 1 of the Dungeon.
             The game lasted 00:03:55 (1117 turns).

horus123 the Firebug (Draconian Fire Elementalist)  Turns: 1117, Time: 00:03:55

Health: 0/26       AC:  6    Str: 10    XL:     3   Next: 19%
Magic:  4/7        EV: 12    Int: 17    God:
Gold:   62         SH:  0    Dex: 11    Spells: 5/8 levels left

rFire   . . .      SeeInvis .   a - +0 flail
rCold   + . .      Faith    .   (no shield)
rNeg    . . .      Spirit   .   (armour unavailable)
rPois   .          Reflect  .   (helmet restricted)
rElec   .          Harm     .   (no cloak)
rCorr   .          Rampage  .   (no gloves)
Will    .....      Clarity  +   (no boots)
Stlth   ++........              (no amulet)
HPRegen 0.08/turn               (no ring)
MPRegen 0.10/turn               (no ring)

@: unable to read
A: AC +5, unfitting armour, cold-blooded, clarity, cold resistance 1, shaggy fur
1, inability to read while threatened
a: no special abilities


You were on level 1 of the Dungeon.
You visited 1 branch of the dungeon, and saw 2 of its levels.

You collected 62 gold pieces.

Inventory:

Hand Weapons
 a - a +0 flail (weapon)
Magical Staves
 b - a staff of cold


   Skills:
 - Level 1.9 Dodging
 - Level 1.7 Stealth
 + Level 3.1 Spellcasting
 - Level 1.0 Conjurations
 - Level 3.3 Fire Magic


You had 5 spell levels left.
You knew the following spells:

 Your Spells              Type           Power      Damage    Failure   Level
a - Foxfire               Conj/Fire      40%        2x1d6     7%          1
b - Scorch                Fire           28%        2d6       7%          2

Your spell library contained the following spells:

 Spells                   Type           Power      Damage    Failure   Level
 Conjure Flame            Conj/Fire      10%        6-21      22%         3
 Inner Flame              Hex/Fire       8%         N/A       26%         3
 Flame Wave               Conj/Fire      10%        2d5       56%         4


Dungeon Overview and Level Annotations

Branches:
Dungeon (2/15)

Altars:

Annotations:
D:2 Robin


Innate Abilities, Weirdness & Mutations

Your plain brown scales are hard. (AC +5)
You cannot fit into any form of body armour.
You are cold-blooded and may be slowed by cold attacks.
You possess an exceptional clarity of mind.
Your flesh is cold resistant. (rC+)
You are covered in fur. (AC +1)
You sometimes lose the ability to read scrolls when taking damage.


Message History

Unknown command.
The goblin no longer looks unusually strong.
The goblin no longer looks unusually strong.
You barely miss the goblin.
The goblin is severely wounded.
The goblin hits you but does no damage. x2
You miss the goblin. You tail-slap the goblin.
You kill the goblin!
You sock the goblin!
You kill the goblin!
The goblin hits you with a +0 club.
* * * LOW HITPOINT WARNING * * *
You barely miss the goblin. The goblin barely misses you.
It was a potion of mutation.
You feel extremely strange.
Your thoughts seem clearer.
You lose the ability to read scrolls when threatened.
Fur sprouts all over your body.
You feel resistant to cold. The goblin hits you but does no damage.
There is a stone staircase leading down here.
Robin throws the goblin at you!
You miss the goblin.
Your tail-slap misses the goblin.
The goblin closely misses you. The goblin hits you with a +0 club.
You feel threatened and lose the ability to read scrolls!
* * * LOW HITPOINT WARNING * * *
Robin throws the goblin at you! The goblin barely misses you.
The goblin hits you but does no damage.
The goblin hits you but does no damage. x2
You can read scrolls again.
The goblin unwields a +0 club.
The goblin wields a +0 hunting sling.
The goblin shoots a stone.
The stone closely misses you.
There is a stone staircase leading up, spattered with blood here.
The goblin hits you with a +0 dagger.
* * * LOW HITPOINT WARNING * * *
You climb upwards.
There is a stone staircase leading down here.
The goblin closely misses you. The goblin barely misses you.
The goblin closely misses you. The goblin hits you with a +0 club.
You feel threatened and lose the ability to read scrolls!
You die...

................#.##.##.......#
...[....#######...##.##########
.......#..# #####..# .........##
#..## .........# ##.## .......###
##..##### ........# #>......#
........#### ###ggg....##
...........###..@.......##
........##...............##
........######.#..........#
...........###.#..........#
............##.#..........#
#.....###.................#
..##.###..................#
#........#..#####........########
.............####........##.....#


You could see 3 goblins.

Vanquished Creatures
  A worm (D:2)
  2 dart slugs (D:1)
  A ball python (D:2)
  4 bats
  2 endoplasms (D:1)
  6 goblins
  5 hobgoblins
  A kobold (D:1)
  A frilled lizard (D:1)
  4 rats
27 creatures vanquished.

Vanquished Creatures (others)
  72 foxfires
  3 plants (D:2)
75 creatures vanquished.

Grand Total: 102 creatures vanquished

Notes
Turn   | Place    | Note
-------+----------+-------------------------------------------
     0 | D:1      | horus123 the Draconian Fire Elementalist began the quest
                  | for the Orb.
     0 | D:1      | Reached XP level 1. HP: 14/14 MP: 3/3
   206 | D:1      | Reached XP level 2. HP: 20/20 MP: 0/5
   276 | D:1      | Learned a level 2 spell: Scorch
   338 | D:1      | Found a faded altar of an unknown god.
   989 | D:2      | Reached XP level 3. HP: 21/26 MP: 0/7
  1080 | D:2      | Noticed Robin
  1106 | D:2      | Gained mutation: You possess an exceptional clarity of
                  | mind. [potion of mutation]
  1106 | D:2      | Gained mutation: You sometimes lose the ability to read
                  | scrolls when taking damage. [potion of mutation]
  1106 | D:2      | Gained mutation: You are covered in fur. (AC +1) [potion of
                  | mutation]
  1106 | D:2      | Gained mutation: Your flesh is cold resistant. (rC+)
                  | [potion of mutation]
  1117 | D:1      | Slain by a goblin

Illustrated notes

Levels and vault maps discovered:
D:1:      giann_horns, layout_rooms, basic_ecumenical_altar,
          hangedman_decor_push
D:2:      layout_basic, serial_forest, infiniplex_forest_clump_large,
          infiniplex_forest_side_room, infiniplex_forest_clump_small,
          infiniplex_forest_lined_room_2, infiniplex_forest_clump_curved,
          minivault_19, minmay_misc_feat_secret_circle, uniq_crazy_yiuf_cottage,
          uniq_robin, uniq_jessica

Skill      XL: |  1  2  3 |
---------------+----------+-----
Spellcasting   | 3 |  3.1
Dodging        | |  1.9
Stealth        | |  1.7
Conjurations   | |  1.0
Fire Magic     | |  3.3

Action                   || total
-------------------------++-------
Melee: Flail             ||     6
       Tailslap          ||     1
 Cast: Foxfire           ||    42
       Scorch            ||     2
  Use: Scroll            ||     1
       Potion            ||     1
Armor: Skin              ||    14
Dodge: Dodged            ||    23
